 Dungeon Crawl Stone Soup version 0.20-a0-910-gb611367 (webtiles) character file.

266 galech the Ruffian (level 6, 0/61 HPs)
             Began as a Troll Monk on Mar 23, 2017.
             Succumbed to a big kobold's poison
             ... on level 3 of the Dungeon.
             The game lasted 00:04:23 (1879 turns).

galech the Ruffian (Troll Monk)                     Turns: 1879, Time: 00:04:24

Health: 0/61       AC:  5    Str: 22    XL:     6   Next: 0%
Magic:  5/5        EV: 11    Int:  9    God:
Gold:   154        SH:  0    Dex: 12    Spells: 5/5 levels left

rFire    . . .     SeeInvis +     - Unarmed
rCold    . . .     Gourm    +   a - +0 robe
rNeg     . . .     Faith    .   (no shield)
rPois    .         Spirit   .   (helmet restricted)
rElec    .         Reflect  .   (no cloak)
rCorr    .         Harm     .   (gloves unavailable)
MR       .....                  (boots unavailable)
Stlth    ++........             w - amulet of rage
Regen    0.6/turn               r - +3 ring of intelligence
MPRegen  0.1/turn               l - ring of see invisible

@: lethally poisoned (0 -> 0)
A: unfitting armour, claws 3, fast metabolism 3, gourmand, regeneration 1,
shaggy fur 1, tough skin 2
a: Evoke Berserk Rage


You were on level 3 of the Dungeon.
You were very full.

You visited 1 branch of the dungeon, and saw 3 of its levels.

You collected 154 gold pieces.

Inventory:

Armour
 a - a +0 robe (worn)
Jewellery
 l - a ring of see invisible (left claw)
 r - a +3 ring of intelligence (right claw)
 s - an uncursed ring of fire
 w - an amulet of rage (around neck)
Wands
 q - a wand of polymorph (10/24)
Scrolls
 e - 7 scrolls of identify {unknown}
 f - a scroll of immolation {unknown}
 h - a scroll of blinking {unknown}
 i - a scroll of fog {unknown}
 m - 2 scrolls of recharging {unknown}
 t - a scroll of magic mapping {unknown}
 v - a scroll of amnesia {unknown}
 x - a scroll of enchant weapon {unknown}
Potions
 c - a potion of haste
 d - a potion of magic
Books
 o - a book of Cantrips

   Spells                             Type                      Level
   a - Confusing Touch                Hexes                        1
   b - Animate Skeleton               Necromancy                   1
   c - Summon Small Mammal            Summoning                    1
   d - Apportation                    Translocation                1
Comestibles
 b - 5 bread rations
 j - 3 meat rations
 n - a royal jelly
 u - 8 chunks of flesh


   Skills:
 + Level 3.2 Fighting
 + Level 3.0 Dodging
 + Level 2.1 Stealth
 + Level 4.7 Unarmed Combat


You had 5 spell levels left.
You didn't know any spells.

Dungeon Overview and Level Annotations

Branches:
Dungeon (3/15)

Altars:
Kikubaaqudgha


Innate Abilities, Weirdness & Mutations

You are too large for most types of armour.
You have claws for hands.
Your metabolism is lightning-fast.
You like to eat raw meat.
Your natural rate of healing is unusually fast.
You are covered in fur. (AC +1)
You have very tough skin. (AC +2)


Message History

You feel sick.
* * * LOW HITPOINT WARNING * * *
You feel sick.
* * * LOW HITPOINT WARNING * * *
You feel sick.
* * * LOW HITPOINT WARNING * * *
You feel sick.
* * * LOW HITPOINT WARNING * * *
You feel sick.
* * * LOW HITPOINT WARNING * * *
You feel sick.
* * * LOW HITPOINT WARNING * * *
You feel sick.
* * * LOW HITPOINT WARNING * * *
You feel sick.
* * * LOW HITPOINT WARNING * * *
You feel sick.
* * * LOW HITPOINT WARNING * * *
You feel sick.
You die...

#############
######...........#
).((........####.##
#...#######.....@.#
......# ######..#
#.....# #..#
#.##.#.#########..#
#.# ###...........#
### ########...#
#...# #...# #...###


There were no monsters in sight!

Vanquished Creatures
  A big kobold (D:3)
  2 vampire bats (D:2)
  4 adders
  5 worms
  A leopard gecko (D:1)
  An orc (D:3)
  A ball python (D:2)
  6 bats
  3 bat skeletons (D:2)
  3 bat zombies (D:2)
  2 giant cockroaches
  5 hobgoblins
  10 jackals
  2 frilled lizards (D:1)
  6 goblins
  5 kobolds
  A quokka zombie (D:3)
  5 rats
63 creatures vanquished.

Notes
Turn   | Place    | Note
-------+----------+-------------------------------------------
     0 | D:1      | galech the Troll Monk began the quest for the Orb.
     0 | D:1      | Reached XP level 1. HP: 22/22 MP: 0/0
   187 | D:1      | Reached XP level 2. HP: 29/29 MP: 1/1
   708 | D:2      | Found an ancient bone altar of Kikubaaqudgha.
   708 | D:2      | Noticed a vampire bat
   719 | D:2      | Noticed a vampire bat
   723 | D:2      | Killed a vampire bat
   723 | D:2      | Reached XP level 3. HP: 35/36 MP: 2/2
   740 | D:2      | Reached XP level 4. HP: 40/45 MP: 3/3
   925 | D:2      | Reached skill level 4 in Unarmed Combat
   987 | D:2      | Reached XP level 5. HP: 53/53 MP: 4/4
  1856 | D:3      | Reached XP level 6. HP: 8/61 MP: 5/5
  1857 | D:3      | HP: 2/61 [poisoned by a big kobold]
  1871 | D:3      | HP: 3/61 [poisoned by a big kobold]
  1874 | D:3      | HP: 1/61 [poisoned by a big kobold]
  1879 | D:3      | Succumbed to a big kobold's poison

Vault maps used:
D:1:      onia_arrival_larder, nrook_uturn
D:2:      kennysheep_vampire_church
D:3:      marbit_many_paths, chequers_temple_overflow_minitemple, uniq_robin

Skill      XL: |  1  2  3  4  5 |
---------------+----------------+-----
Fighting       | 3 |  3.2
Unarmed Combat | 4 |  4.7
Stealth        | 2 |  2.1
Dodging        | 3 |  3.0

Action                   |  1- 3 |  4- 6 || total
-------------------------+-------+-------++-------
Melee: Unarmed           |    60 |    95 ||   155
       Punch             |       |     2 ||     2
  Use: Potion            |       |     5 ||     5
 Stab: Sleeping          |     6 |     4 ||    10
  Eat: Chunk             |    12 |    10 ||    22
Armor: Robe              |    47 |    27 ||    74
Dodge: Dodged            |    46 |    53 ||    99
